Map: Overgrown Facility

Players

Dust - Winner!

  • Race: Protoss Protoss
  • Spawn Location: 9:00

APOC - Winner!

  • Race: Terran Terran
  • Spawn Location: 7:00

OpuS

  • Race: Protoss Protoss
  • League: Platinum
  • Spawn Location: 1:00

Sketchaphone

  • Race: Zerg Zerg
  • League: Platinum
  • Spawn Location: 3:00

VOD

Have the link to the VOD?

Description

Time

  • Played on: Feb. 24, 2019, 8:14 p.m.
  • Length: 20:16
Show
View Real Time Build Order
Export as new Build Order

Dust Protoss - Winner!

Build Orders: Dark Templar Rush 

Get SALT Encoding   

  12  0:01  Probe  
  13  0:13  Probe  
  14  0:20  Pylon  
  14  0:25  Probe  
  15  0:34  Probe  
  15  0:42  Gateway  
  16  0:44  Probe  
  17  0:55  Probe  
  18  1:03  Assimilator  
  18  1:04  Probe  
  19  1:18  Assimilator  
  19  1:21  Pylon  
  19  1:29  Probe  
  20  1:39  Cybernetics Core  
  20  1:41  Probe  
  21  1:53  Probe  
  22  2:05  Probe  
  23  2:16  Twilight Council  
  23  2:20  Warp Gate  
  23  2:29  Nexus  
  23  2:42  Pylon  
  22  3:08  Dark Shrine  
  22  3:17  Gateway  
  22  3:28  Probe, Robotics Facility  
  22  3:30  Gateway  
  23  3:40  Probe  
  24  3:45  Probe  
  24  3:47  Stalker  
  25  3:48  Gateway  
  27  4:04  Shield Battery  
  27  4:05  Shield Battery  
  27  4:08  Pylon  
  27  4:16  Sentry  
  29  4:22  Pylon  
  28  4:28  Dark Templar  
  30  4:31  Dark Templar  
  32  4:41  Warp Prism  
  35  5:00  Probe x2  
  35  5:05  Assimilator  
  36  5:18  Probe  
  37  5:25  Probe  
  38  5:30  Probe  
  38  5:39  Probe  
  38  5:41  Stalker  
  41  5:49  Probe  
  42  5:55  Gateway  
  42  5:57  Pylon  
  42  6:02  Probe x2  
  44  6:23  Dark Templar x3  
  44  6:24  Dark Templar  
  48  6:39  Probe  
  44  6:40  Probe  
  40  6:50  Robotics Facility  
  40  6:51  Probe  
  40  6:52  Probe  
  40  6:53  Robotics Bay  
  42  6:57  Adept x5  
  52  7:03  Probe  
  52  7:05  Assimilator  
  53  7:15  Forge  
  53  7:20  Sentry x3  
  59  7:31  Probe x2  
  61  7:46  Colossus  
  59  7:54  Protoss Ground Weapons Level 1  
  59  7:56  Probe x2  
  67  8:04  Pylon  
  67  8:07  Pylon  
  67  8:12  Probe x2  
  69  8:22  Extended Thermal Lance  
  69  8:27  Nexus  
  69  8:28  Observer  
  70  8:35  Colossus  
  70  8:40  Resonating Glaives  
  76  8:45  Probe x2  
  76  8:48  Adept x2  
  82  9:04  Pylon  
  82  9:07  Pylon  
  82  9:08  Stalker x2  
  86  9:29  Stalker  
  86  9:30  Stalker x2  
  92  9:34  Probe x2  
  92  9:35  Assimilator  
  92  9:38  Photon Cannon  
  94  9:40  Assimilator  
  94  9:41  Probe, Gateway  
  93  9:46  Probe  
  74  10:06  Zealot x3  
  73  10:07  Adept x2  
  73  10:13  Colossus x2  
  77  10:22  Probe x2  
  77  10:23  Probe  
  92  10:37  Protoss Ground Armor Level 1  
  92  10:40  Stalker x2  
  92  10:41  Stalker, Sentry x2  
  92  10:42  Sentry, Pylon  
  104  10:52  Forge  
  104  10:58  Probe  
  104  11:01  Gateway  
  104  11:02  Probe x2  
  107  11:07  Probe  
  108  11:14  Probe  
  109  11:22  Sentry x3, Adept  
  109  11:23  Sentry, Adept  
  121  11:51  Probe  
  121  11:53  Pylon  
  122  11:57  Pylon  
  122  11:59  Pylon  
  122  12:01  Pylon  
  122  12:05  Gateway  
  122  12:10  Colossus  
  122  12:12  Gateway  
  128  12:15  Gateway  
  128  12:18  Pylon  
  128  12:20  Pylon  
  128  12:23  Probe  
  128  12:24  Colossus, Probe x2  
  137  12:30  Pylon  
  137  12:33  Pylon  
  137  12:48  Probe x2  
  137  12:49  Probe  
  137  12:50  Protoss Ground Armor Level 2  
  136  13:04  Colossus  
  90  13:19  Stalker x3  
  91  13:20  Adept x4  
  91  13:21  Adept x3  
  105  13:40  Colossus  
  111  13:47  Stalker x4  
  111  13:48  Adept x4  
  121  13:49  Stalker x2  
  131  14:05  Nexus  
  131  14:07  Pylon  
  131  14:09  Gateway  
  131  14:11  Photon Cannon  
  131  14:24  Adept  
  131  14:25  Stalker x2, Adept x3  
  131  14:26  Stalker x4  
  131  14:29  Probe  
  77  15:00  Zealot x6  
  77  15:01  Zealot  
  77  15:02  Dark Templar  
  77  15:03  Dark Templar x3  
  77  15:04  Dark Templar  
  80  15:18  Colossus  
  80  15:23  Colossus  
  92  15:29  Stalker x2  
  92  15:30  Stalker  
  92  15:31  Sentry  
  92  15:32  Sentry  
  102  15:44  Protoss Ground Armor Level 3  
  102  15:45  Assimilator  
  102  15:48  Protoss Ground Weapons Level 2  
  102  15:50  Assimilator  
  102  16:02  Robotics Facility  
  102  16:26  Colossus  
  102  16:27  Zealot  
  98  16:42  Nexus  
  98  16:46  Colossus, Probe x2  
  106  17:02  Probe x2  
  106  17:03  Probe  
  109  17:19  Colossus  
  109  17:21  Pylon  
  109  17:22  Stalker x6  
  125  17:23  Adept x3  
  125  17:24  Adept  
  135  17:32  Disruptor  
  138  17:46  Adept x3  
  138  17:47  Adept x3  
  126  18:17  Probe x4  
  130  18:21  Protoss Shields Level 1  
  130  18:24  Assimilator  
  130  18:26  Disruptor x2  
  136  18:27  Colossus  
  136  18:28  Assimilator  
  136  18:31  Pylon  
  136  18:55  Adept x3  
  137  18:56  Nexus, Adept x5  
  152  19:02  Observer  
Show
View Real Time Build Order
Export as new Build Order

APOC Terran - Winner!

Build Orders:  

Get SALT Encoding   

  12  0:01  SCV  
  13  0:14  SCV  
  14  0:24  Supply Depot  
  14  0:26  SCV  
  15  0:34  Refinery  
  15  0:45  SCV  
  15  0:48  Barracks  
  16  0:58  SCV  
  17  1:10  SCV  
  18  1:17  Barracks  
  18  1:22  SCV  
  19  1:31  Supply Depot  
  19  1:35  Reaper  
  20  1:40  Orbital Command  
  20  1:52  Supply Depot  
  20  2:08  SCV  
  20  2:15  Reaper x2  
  23  2:20  SCV  
  24  2:33  SCV  
  24  2:36  Factory  
  25  2:42  Refinery  
  25  2:44  Supply Depot  
  24  2:53  Marine x2  
  26  2:59  SCV  
  27  3:06  Engineering Bay  
  27  3:11  Marine x2, SCV  
  30  3:29  Marine x2  
  31  3:47  Marine x2  
  31  3:48  Factory Tech Lab  
  32  3:52  Starport  
  32  3:59  Command Center  
  32  4:06  Siege Tank  
  32  4:08  Marine  
  32  4:09  Marine  
  37  4:26  Marine x2  
  39  4:54  Marine x2  
  39  4:56  Starport Reactor  
  41  5:02  Barracks, SCV  
  41  5:03  Barracks  
  42  5:14  SCV  
  42  5:16  Siege Tank  
  46  5:26  SCV  
  46  5:27  Supply Depot x2  
  47  5:30  Orbital Command  
  47  5:39  Medivac, SCV  
  50  5:45  Medivac  
  50  5:49  Barracks Tech Lab  
  52  5:51  Supply Depot, SCV  
  52  5:56  Barracks Tech Lab  
  53  6:08  Stimpack  
  53  6:12  Medivac  
  53  6:14  Combat Shield  
  55  6:29  Marine x2  
  57  6:33  Siege Tank  
  57  6:37  Marine x2  
  62  6:47  Marine x2  
  64  6:55  Marine x2  
  66  7:14  Marine x4  
  66  7:32  Marine x4  
  66  7:47  Siege Tank  
  66  7:50  Marine x4  
  72  8:07  Marine  
  72  8:08  Marine  
  74  8:19  Siege Tank  
  77  8:21  Medivac x2  
  81  8:29  Refinery  
  81  8:31  Supply Depot  
  81  8:32  Supply Depot  
  81  8:38  Marine x3  
  84  8:52  Siege Tank  
  84  8:55  Supply Depot  
  87  8:56  Refinery, Supply Depot  
  87  9:06  Marine x4  
  91  9:24  Marine x3, Siege Tank  
  94  10:05  Marine x4  
  98  10:08  Siege Tank  
  98  10:23  Marine x4  
  100  10:40  Siege Tank  
  100  10:41  Marine x3  
  73  11:05  Marine x4  
  73  11:08  Terran Infantry Weapons Level 1  
  77  11:13  Armory, Siege Tank  
  80  11:23  Marine x4  
  84  11:32  Viking x2  
  88  11:40  Command Center  
  88  11:56  Marine x2  
  88  11:57  Marine x2  
  92  12:02  Viking x2  
  92  12:06  Starport  
  96  12:14  Marine x3  
  96  12:15  Marine  
  100  12:31  Viking  
  100  12:32  Marine  
  100  12:34  Marine x3  
  100  12:36  Siege Tank  
  109  12:50  Marine  
  110  12:51  Marine  
  110  12:52  Marine x2  
  113  13:03  Terran Infantry Armor Level 1  
  95  13:08  Marine, Siege Tank  
  95  13:09  Marine  
  95  13:10  Marine x2  
  84  13:13  Viking x3  
  86  13:25  Marine  
  83  13:27  Marine  
  84  13:36  Marine x2  
  84  13:40  Siege Tank  
  89  13:43  Medivac x2, Marine, Viking  
  89  13:45  Marine  
  97  13:54  Marine  
  98  14:12  Siege Tank  
  98  14:13  Orbital Command  
  101  14:17  Starport Reactor  
  95  15:31  Marine  
  95  15:32  Marine x3  
  95  15:33  Thor  
  105  15:49  Marine  
  103  16:16  Thor  
  89  16:53  Medivac x4  
  97  16:56  Marauder x2  
  97  16:59  Thor  
  97  17:00  SCV  
  108  17:08  Concussive Shells  
  108  17:17  Marauder x2  
  112  17:23  Medivac x4  
  112  17:29  Marine  
  120  17:30  Marine  
  122  17:39  Marauder x2  
  122  17:42  Thor  
  132  17:47  Marine x2  
  134  17:53  Medivac  
  134  17:55  Supply Depot  
  134  17:56  Supply Depot  
  136  17:59  Marine x2  
  136  18:05  Marine x2  
  130  18:41  Viking x3  
  130  18:42  Viking  
  138  19:13  Marauder x2, Marine x2  
  138  19:31  Marine x2  
  138  19:34  Marauder, Marine  
  138  19:49  Marine x2  
  138  19:52  Marine  
  136  19:55  Marine  
Show
View Real Time Build Order
Export as new Build Order

OpuS Protoss 

Build Orders:  

Get SALT Encoding   

  12  0:01  Probe  
  13  0:13  Probe  
  14  0:19  Pylon  
  14  0:25  Probe  
  15  0:38  Gateway  
  15  0:39  Probe  
  15  0:47  Probe  
  15  0:49  Assimilator  
  16  0:55  Assimilator  
  17  0:57  Probe  
  18  1:12  Probe  
  19  1:20  Gateway  
  19  1:24  Probe  
  20  1:33  Cybernetics Core  
  20  1:37  Pylon  
  20  1:43  Probe  
  21  1:55  Probe  
  22  2:09  Warp Gate  
  22  2:10  Stalker x2  
  22  2:12  Probe  
  26  2:19  Pylon  
  26  2:22  Probe  
  27  2:30  Probe  
  28  2:41  Stalker x2  
  32  3:10  Nexus  
  32  3:12  Pylon  
  32  3:17  Probe  
  33  3:30  Probe  
  34  3:38  Stalker  
  34  3:40  Twilight Council  
  36  3:46  Robotics Facility  
  36  3:57  Pylon  
  36  4:06  Stalker  
  38  4:10  Gateway  
  38  4:22  Charge  
  38  4:25  Stalker  
  38  4:26  Probe x2  
  42  4:32  Observer  
  41  4:50  Zealot  
  41  4:51  Zealot  
  45  5:01  Forge  
  45  5:08  Zealot  
  45  5:13  Gateway  
  47  5:14  Probe  
  47  5:15  Probe  
  47  5:17  Forge  
  47  5:20  Pylon  
  49  5:24  Observer  
  50  5:30  Protoss Ground Weapons Level 1, Protoss Ground Armor Level 1  
  50  5:38  Templar Archives  
  50  5:40  Probe x2  
  52  5:55  Photon Cannon  
  52  5:56  Probe x2  
  54  6:09  Stalker  
  54  6:10  Photon Cannon  
  50  6:41  Zealot x4  
  56  6:55  Assimilator  
  56  6:57  Assimilator  
  56  7:00  Photon Cannon  
  56  7:20  Psionic Storm  
  56  7:23  Probe x2  
  58  7:33  Zealot x4  
  52  7:53  Probe x2  
  52  7:57  Zealot x2  
  52  7:58  Zealot x2  
  60  8:05  Probe  
  61  8:10  Observer  
  62  8:15  Probe  
  62  8:17  Probe  
  62  8:19  Gateway  
  64  8:23  Gateway  
  64  8:25  Gateway  
  64  8:26  Gateway  
  64  8:30  Pylon  
  64  8:31  Observer  
  65  8:46  High Templar  
  65  8:47  High Templar  
  69  8:49  Nexus  
  69  8:54  High Templar  
  71  8:57  Probe x2  
  71  9:01  Zealot  
  75  9:04  Pylon  
  75  9:07  Pylon  
  75  9:09  Probe  
  76  9:16  Probe  
  77  9:20  High Templar  
  77  9:21  High Templar, Probe  
  77  9:23  Zealot  
  84  9:36  Robotics Bay  
  84  9:48  Protoss Ground Armor Level 2  
  82  9:55  Protoss Ground Weapons Level 2  
  64  10:06  Archon x2  
  62  10:09  Zealot x4  
  62  10:10  Zealot x4  
  74  10:30  Probe x3  
  74  10:34  High Templar x2  
  74  10:35  Zealot x2  
  83  10:38  Archon  
  83  10:39  Zealot x2  
  87  10:53  Immortal  
  87  10:55  Zealot x2  
  95  11:02  Blink  
  95  11:04  Probe x2  
  95  11:09  Probe  
  98  11:14  Pylon  
  98  11:16  Probe  
  98  11:17  Pylon  
  99  11:19  Probe  
  99  11:23  High Templar x2  
  104  11:27  Archon  
  104  11:32  Zealot x4  
  112  11:37  Immortal  
  116  11:47  Zealot x2  
  116  11:50  Probe x3  
  123  11:54  Assimilator  
  123  11:56  Assimilator  
  123  12:07  Probe x2  
  123  12:08  Probe  
  126  12:12  Protoss Ground Weapons Level 3, Protoss Ground Armor Level 3  
  118  12:17  Zealot x3  
  118  12:18  Zealot x2  
  118  12:19  Immortal  
  132  12:25  Pylon  
  132  12:27  Pylon  
  132  12:31  Pylon  
  73  13:14  Zealot  
  73  13:15  Zealot x6  
  73  13:16  Zealot  
  87  13:25  Immortal  
  91  13:46  Stalker  
  91  13:47  Stalker  
  95  13:52  Nexus  
  95  13:56  High Templar x3  
  95  13:57  High Templar x3  
  95  14:00  Archon x2  
  95  14:01  Archon  
  107  14:06  Immortal  
  111  14:10  Probe x2  
  73  14:46  Immortal  
  73  14:47  Zealot x5  
  75  15:07  Zealot x4  
  77  15:10  Probe  
  77  15:12  Probe  
  81  15:14  Probe  
  74  15:25  High Templar x4  
  74  15:28  High Templar  
  80  15:31  High Templar  
  82  15:38  High Templar  
  84  15:56  High Templar  
  86  16:01  Immortal  
  90  16:12  Zealot x3  
  90  16:13  Zealot  
  80  16:49  Zealot  
  80  16:50  Zealot x6  
  80  16:51  Zealot  
  96  17:01  Probe  
  96  17:02  Probe x2  
  99  17:10  Stalker  
  99  17:11  Stalker x2  
  105  17:26  Stalker  
  107  17:34  High Templar  
  107  17:35  High Templar x3  
  107  17:36  Zealot  
  117  17:38  Protoss Shields Level 1  
  87  18:16  Observer  
  87  18:18  Zealot x4  
  87  18:19  Zealot x4  
  100  18:37  Observer  
  101  18:58  Observer  
  101  19:01  Zealot  
  101  19:02  Zealot x6  
  114  19:03  Zealot  
  118  19:12  Dark Shrine  
  118  19:20  Observer  
  85  19:27  Zealot x3  
  85  19:29  High Templar  
  85  19:31  High Templar x2  
  91  19:32  High Templar  
  90  19:52  Archon x2  
  72  19:55  Zealot x2  
  72  19:56  Zealot x2  
  80  20:02  Zealot  
Show
View Real Time Build Order
Export as new Build Order

Sketchaphone Zerg 

Build Orders: Hatch First, Lurkers 

Get SALT Encoding   

  12  0:02  Drone  
  13  0:15  Overlord  
  13  0:20  Drone  
  14  0:23  Extractor  
  14  0:24  Drone  
  15  0:36  Drone  
  15  0:37  Drone  
  17  1:00  Hatchery  
  16  1:10  Drone  
  17  1:12  Extractor  
  17  1:13  Drone  
  17  1:20  Spawning Pool  
  17  1:22  Drone  
  17  1:38  Drone x2  
  19  1:44  Overlord  
  19  1:54  Drone  
  20  2:09  Queen  
  20  2:10  Drone  
  20  2:11  Drone  
  20  2:15  Metabolic Boost  
  24  2:16  Zergling x2  
  25  2:26  Drone x2  
  27  2:33  Drone  
  27  2:34  Roach Warren  
  27  2:36  Drone  
  28  2:44  Drone  
  29  2:48  Drone  
  30  2:54  Overlord  
  30  3:02  Zergling x2  
  30  3:04  Spine Crawler  
  29  3:10  Spine Crawler  
  28  3:22  Roach  
  28  3:23  Roach x4  
  38  3:27  Queen  
  39  3:39  Drone  
  39  3:40  Drone  
  41  3:44  Queen  
  41  3:47  Overlord  
  43  3:56  Overlord  
  43  4:19  Ravager x2  
  45  4:26  Overlord, Zergling x2  
  45  4:27  Zergling x2  
  45  4:28  Zergling x8  
  45  4:30  Overlord  
  51  4:32  Overlord  
  47  4:50  Lair  
  47  4:56  Spore Crawler  
  47  4:59  Drone x4  
  50  5:03  Extractor  
  49  5:10  Drone  
  49  5:11  Drone x4  
  49  5:12  Overlord  
  54  5:27  Drone x3  
  57  5:29  Overlord  
  57  5:36  Overlord  
  57  5:37  Drone x3  
  60  5:47  Hatchery  
  59  5:50  Pneumatized Carapace  
  59  5:57  Glial Reconstitution  
  59  5:58  Roach  
  59  5:59  Roach  
  63  6:30  Hydralisk Den  
  62  6:38  Evolution Chamber  
  61  6:40  Overlord x2  
  61  6:41  Evolution Chamber  
  61  6:43  Drone x5, Extractor  
  61  6:44  Drone x2  
  61  6:45  Extractor  
  65  6:50  Zergling x4  
  67  7:04  Lurker Den, Zerg Missile Weapons Level 1  
  44  7:38  Hydralisk  
  44  7:39  Hydralisk x4  
  54  7:47  Zergling x6  
  54  7:48  Zergling x8  
  61  8:01  Roach x2  
  61  8:02  Roach x3  
  71  8:21  Drone  
  71  8:22  Drone  
  73  8:28  Hatchery, Zerg Ground Armor Level 1  
  72  8:39  Hydralisk x2  
  72  8:40  Hydralisk  
  78  9:02  Grooved Spines  
  78  9:08  Drone x7  
  85  9:11  Extractor  
  84  9:28  Hydralisk  
  77  9:50  Hydralisk x2  
  77  9:51  Hydralisk x3  
  85  9:53  Queen, Zergling x4  
  87  10:09  Ravager  
  87  10:12  Lurker  
  89  10:14  Zergling x12  
  86  10:28  Queen  
  72  10:37  Zergling x8  
  64  10:55  Drone x3  
  55  10:57  Drone  
  56  11:04  Drone  
  57  11:12  Queen, Extractor  
  58  11:27  Hatchery  
  58  11:32  Zerg Missile Weapons Level 2  
  57  11:35  Hatchery, Drone x4  
  57  11:36  Drone x2  
  62  11:44  Roach x3  
  68  11:49  Hydralisk Den  
  67  12:01  Roach  
  67  12:02  Roach x4  
  77  12:22  Lurker x2  
  79  12:28  Hydralisk x2  
  79  12:29  Hydralisk  
  85  12:30  Hydralisk  
  85  12:31  Hydralisk x3  
  93  12:47  Hydralisk x3  
  93  12:49  Roach  
  83  13:00  Hydralisk x3  
  71  13:18  Zergling x8  
  75  13:22  Hatchery  
  75  13:26  Lurker x2  
  76  13:39  Hatchery  
  76  13:40  Muscular Augments  
  75  13:44  Roach x2  
  75  14:00  Extractor  
  74  14:04  Roach x3, Hydralisk x4  
  88  14:27  Hydralisk x3  
  81  14:56  Hydralisk  
  81  14:57  Hydralisk x4  
  83  15:12  Zergling x2  
  83  15:13  Zergling x16  
  79  15:30  Lurker  
  80  15:36  Lurker  
  80  15:38  Lurker x2, Hydralisk x3  
  80  15:40  Roach x3  
  93  15:49  Infestation Pit  
  63  16:36  Overseer  
  63  16:42  Hydralisk  
  63  16:43  Zergling x2  
  63  16:44  Zergling x14  
  69  17:21  Hatchery  
  67  17:27  Swarm Host x2  
  67  17:28  Swarm Host x4  
  85  17:32  Burrow  
  78  18:03  Swarm Host x3  
  78  18:04  Hydralisk  
  78  18:05  Hydralisk  
  60  18:44  Overseer  
  60  18:58  Overseer  
  53  19:04  Queen  
  53  19:05  Drone x2  
  53  19:06  Drone x2  
Tags
 
Add a new tag
Caveats
  • Supply blocks, unpowered buildings, or Contaminate may cause inaccurate times.
  • Supply counts are checked every 10 seconds.